 Dungeon Crawl Stone Soup version 0.30-a0-723-gc1506a1cf0 (webtiles) character file.

Game seed: 17900626725304194169

67031 Newt the Protected (level 14, -11/108 HPs)
             Began as a Demonspawn Gladiator on Jan 28, 2023.
             Was an Initiate of Gozag.
             Killed from afar by a molten gargoyle (18 damage)
             ... with a bolt of magma
             ... on level 5 of the Lair of Beasts.
             The game lasted 00:21:41 (20214 turns).

Newt the Protected (Demonspawn Gladiator)          Turns: 20214, Time: 00:21:42

Health: -11/108    AC: 19    Str: 18    XL:     14   Next: 81%
Magic:  0/14       EV: 17    Int: 10    God:    Gozag
Gold:   3032       SH:  0    Dex: 18    Spells: 13/13 levels left

rFire   + . .      SeeInvis .    t - +6 flail (protect)
rCold   . . .      Faith    .    (no shield)
rNeg    . . .      Spirit   +    K - +3 ring mail "Nomyebb" {rF+ Slay+2}
rPois   .          Reflect  .    M - +0 hat {Will+}
rElec   .          Harm     .    H - +1 cloak
rCorr   .          Rampage  .    i - +0 pair of gloves
Will    ++...      Clarity  +    W - +2 pair of boots
Stlth   +++                      f - amulet of guardian spirit
HPRegen 0.38/turn                A - ring of flight
MPRegen 0.14/turn                E - +5 ring of evasion

@: lethally poisoned (-11 -> -14), about to teleport, flying
A: hooves 2, thin skeletal structure 1, foul stench 2, powered by pain 2, horns
1, clarity
a: Renounce Religion, Potion Petition, Call Merchant, Bribe Branch


You were on level 5 of the Lair of Beasts.
You worshipped Gozag.
Gozag was most pleased with you.
You visited 3 branches of the dungeon, and saw 17 of its levels.
You also visited: Sewer.

You collected 4264 gold pieces.
You spent 465 gold pieces at shops.
You paid 767 gold pieces to Gozag.

Inventory:

Hand Weapons
 t - a +6 flail of protection (weapon)
 O - the +4 triple sword "Beetlebane" {freeze, rPois Int+4}
   (You bought it in a shop on level 10 of the Dungeon)

   Int:       It affects your intelligence (+4).
   rPois:     It protects you from poison.
Missiles
 e - 8 throwing nets (quivered)
 o - 3 javelins
 x - 6 boomerangs
 F - 27 poisoned darts
Armour
 i - a +0 pair of gloves (worn)
 H - a +1 cloak (worn)
 K - the +3 ring mail "Nomyebb" (worn) {rF+ Slay+2}
   (You found it on level 8 of the Dungeon)

   Slay:      It affects your accuracy & damage with ranged weapons and melee
   (+2).
   rF:        It protects you from fire.
 M - a +0 hat of willpower (worn)
 N - a +0 chain mail of cold resistance
 W - a +2 pair of boots (worn)
Jewellery
 f - an amulet of guardian spirit (around neck)
 A - a ring of flight (left hand)
 B - an amulet of magic regeneration
 E - a +5 ring of evasion (right hand)
 L - a ring of positive energy
 X - a ring of positive energy
Wands
 d - a wand of polymorph (14)
 l - a wand of digging (7)
 r - a wand of paralysis (21)
 C - a wand of flame (17)
 J - a wand of iceblast (5)
 P - a wand of mindburst (4)
 U - a wand of quicksilver (4)
Scrolls
 u - 6 scrolls of teleportation
 y - a scroll of blinking
 Q - 2 scrolls of magic mapping
 T - a scroll of enchant armour
 V - 2 scrolls of fear
 Z - a scroll of fog
Potions
 a - a potion of heal wounds
 g - 2 potions of flight
 h - 2 potions of lignification
 j - 2 potions of haste
 m - 5 potions of curing
 n - 2 potions of mutation
 p - a potion of invisibility
 q - 6 potions of might
 v - 3 potions of ambrosia
 w - 3 potions of magic
 z - a potion of berserk rage
 R - 2 potions of attraction
 S - a potion of cancellation
 Y - 2 potions of resistance
Miscellaneous
 D - a box of beasts


   Skills:
 - Level 9.0 Fighting
 - Level 2.6 Short Blades
 + Level 13.3 Maces & Flails
 - Level 5.0 Throwing
 - Level 14.0 Armour
 - Level 2.6 Dodging
 - Level 2.0 Stealth
 - Level 10.0 Evocations


You had 13 spell levels left.
You didn't know any spells.
Your spell library contained the following spells:

 Spells                   Type           Power      Damage    Failure   Level
 Foxfire                  Conj/Fire      0%         2x1d4     50%         1
 Lesser Beckoning         Tloc           0%         N/A       65%         2
 Dazzling Flash           Conj/Hex       0%         N/A       86%         3
 Gell's Gravitas          Tloc           0%         N/A       86%         3
 Inner Flame              Hex/Fire       0%         N/A       86%         3
 Summon Guardian Golem    Hex/Summ       0%         N/A       86%         3
 Teleport Other           Tloc           0%         N/A       86%         3
 Flame Wave               Conj/Fire      0%         2d4       99%         4
 Manifold Assault         Tloc           0%         N/A       99%         4
 Sticky Flame             Conj/Fire      0%         2d3       99%         4
 Agony                    Necr           0%         N/A       100%        5
 Fireball                 Conj/Fire      0%         3d3       100%        5
 Silence                  Hex/Air        0%         N/A       100%        5
 Dispersal                Tloc           0%         N/A       100%        6
 Starburst                Conj/Fire      0%         6d3       100%        6
 Orb of Destruction       Conj           0%         9d5       100%        7
 Spellforged Servitor     Conj/Summ      0%         N/A       100%        7
 Disjunction              Tloc           0%         N/A       100%        8


Dungeon Overview and Level Annotations

Branches:
Dungeon (11/15)            Temple (1/1) D:6            Lair (5/5) D:10
  Swamp (0/4) Lair:2        Snake (0/4) Lair:3        Slime (0/5) Lair:4
    Orc (0/2) D:10          Sewer (visited)

Altars:
Ashenzari
Cheibriados
Dithmenos
Fedhas
Gozag
Hepliaklqana
Kikubaaqudgha
Makhleb
Nemelex Xobeh
Okawaru
Qazlal
Ru
Sif Muna
Trog
Uskayaw
Vehumet
Wu Jian
Xom
Yredelemnul

Shops:
D:10 (   D:11 *(


Innate Abilities, Weirdness & Mutations

You have hoof-like feet.
You have a somewhat thin skeletal structure. (Dex +2, Stealth+)
You sometimes emit foul miasma when damaged in melee.
You sometimes gain power by taking damage.
You have a pair of small horns on your head.
You possess an exceptional clarity of mind.


Message History

You barely miss the lindwurm. You headbutt the lindwurm.
The lindwurm is heavily wounded.
You feel sick. The black mamba bites you!
You are more poisoned.
The black mamba poisons you!
You emit a cloud of foul miasma!
The hell hound barks!
You sock the lindwurm! You headbutt the lindwurm.
The lindwurm is almost dead.
You feel very sick.
The molten gargoyle is no longer distracted by gold.
You kill the black mamba!
The wyvern is distracted by your dazzling golden aura.
The lindwurm barely misses you. The lindwurm claws you.
You emit a cloud of foul miasma!
The lindwurm claws you but does no damage.
You sock the lindwurm!
You kill the lindwurm!
You feel very sick.
You feel very sick.
The wyvern is no longer distracted by gold.
You see here 10 gold pieces.
You feel very sick.
You feel very sick.
You feel very sick.
You feel sick.
You feel sick.
The molten gargoyle blasts magma at you!
The bolt of magma hits you! You partially resist.
* * * LOW HITPOINT WARNING * * *
You feel sick.
The molten gargoyle blasts magma at you!
The bolt of magma hits you. You partially resist.
* * * LOW HITPOINT WARNING * * *
As you read the scroll of teleportation, it crumbles to dust.
You feel strangely unstable.
You feel sick.
The molten gargoyle blasts magma at you!
The bolt of magma hits the hell hound!
The hell hound partially resists.
The bolt of magma hits you!! You partially resist.
You die...
Your body crumbles into a pile of gold.

####### ##
###########.##PP##########
...##..P....##...#.....##.##.#
..............................
..............................
..............................
..............................
...........h.@................
........l9##......###.........
.......#.#.##..#### ##....###.
......###$###### ###### ##
...... #$.# # .....# #$$# ....


hlD.# #...... #....... You could see a komodo dragon, a molten gargoyle and a
hell hound.

Vanquished Creatures
  Gastronok (Lair:1)
  Harold (D:11)
  6 hydras
  A catoblepas (Lair:3)
  3 two-headed ogres (D:11)
  4 death yaks (Lair:4)
  Nergalle (D:11)
  Sonja (D:11)
  2 lindwurms
  Maurice (D:11)
  15 elephants
  4 black mambas
  A gargoyle (D:9)
  8 cane toads
  Maggie (D:9)
  7 komodo dragons
  2 tyrant leeches (Lair:2)
  A hornet (D:10)
  6 polar bears
  Grinder (D:5)
  20 blink frogs
  6 dream sheep
  Sigmund (D:2)
  A wraith (D:6)
  2 vampires
  3 wyverns
  44 yaks
  3 basilisks
  3 steam dragons
  3 nagas (Lair:3)
  2 acid dragons (D:11)
  11 water moccasins
  2 hell hounds (Lair:5)
  9 orc warriors
  7 black bears
  3 sky beasts (D:6)
  2 centaurs
  2 phantoms (D:4)
  2 kobold brigands (D:7)
  12 bullfrogs
  A scorpion (D:6)
  A necrophage (D:6)
  5 wights
  17 killer bees
  3 electric eels
  2 howler monkeys
  4 jellies
  2 gnoll boudas
  Crazy Yiuf (D:5)
  13 orc priests
  An iguana (D:6)
  9 orc wizards
  A hell rat (Sewer)
  14 gnolls
  3 adders
  3 river rats
  2 shadow imps
  2 worms (D:2)
  An adder zombie (D:2)
  2 dart slugs
  53 orcs
  7 ball pythons
  A bat zombie (D:2)
  5 endoplasms
  2 giant cockroaches
  5 goblins
  8 hobgoblins
  2 jackals (D:1)
  5 quokkas
  A ball python zombie (D:2)
  5 bats
  4 frilled lizards
  15 kobolds
  A quokka skeleton (D:2)
  14 rats
  A rat zombie (D:7)
421 creatures vanquished.

Vanquished Creatures (others)
  An orc (D:7)
  8 fungi
  29 plants
  4 withered plants (D:2)
42 creatures vanquished.

Grand Total: 463 creatures vanquished

Notes
Turn   | Place    | Note
-------+----------+-------------------------------------------
     0 | D:1      | Newt the Demonspawn Gladiator began the quest for the Orb.
     0 | D:1      | Reached XP level 1. HP: 16/16 MP: 1/1
    55 | D:1      | Reached skill level 1 in Stealth
   144 | D:1      | Gained mutation: You may rarely emit foul miasma when
                  | damaged in melee. [demonic ancestry]
   144 | D:1      | Reached XP level 2. HP: 22/22 MP: 2/2
   544 | D:1      | Gained mutation: You have large cloven feet. [demonic
                  | ancestry]
   544 | D:1      | Reached XP level 3. HP: 17/28 MP: 1/3
   972 | D:2      | Noticed Sigmund
  1064 | D:2      | Killed Sigmund
  1065 | D:2      | Reached skill level 3 in Armour
  1065 | D:2      | Reached XP level 4. HP: 25/37 MP: 1/4
  1065 | D:2      | Gained mutation: You sometimes gain a little power by
                  | taking damage. [demonic ancestry]
  1065 | D:2      | Reached XP level 5. HP: 29/42 MP: 1/5
  1812 | D:3      | Found a glowing drain.
  1845 | Sewer    | Entered a sewer
  2005 | Sewer    | Gained mutation: You sometimes gain power by taking damage.
                  | [demonic ancestry]
  2005 | Sewer    | Reached XP level 6. HP: 22/48 MP: 2/6
  2142 | Sewer    | Reached skill level 4 in Armour
  2299 | D:3      | Identified the +1 robe of Context {rElec rN+}
  3221 | D:4      | HP: 1/46 [orc priest/divine providence (15)]
  3235 | D:4      | Reached skill level 5 in Armour
  3536 | D:4      | Reached XP level 7. HP: 30/54 MP: 3/7
  4144 | D:5      | Entered Level 5 of the Dungeon
  4550 | D:5      | Found a broken altar of Ashenzari.
  4591 | D:5      | Noticed Grinder
  4594 | D:5      | Paralysed by Grinder for 2 turns
  4601 | D:5      | Killed Grinder
  4602 | D:5      | Reached skill level 5 in Throwing
  4602 | D:5      | Reached skill level 1 in Maces & Flails
  4672 | D:5      | Gained mutation: You have a somewhat thin skeletal
                  | structure. (Dex +2, Stealth+) [demonic ancestry]
  4672 | D:5      | Reached XP level 8. HP: 53/60 MP: 6/8
  4773 | D:5      | Found a runed translucent door.
  4774 | D:5      | Noticed Crazy Yiuf
  5183 | D:5      | Killed Crazy Yiuf
  5797 | D:6      | Reached skill level 5 in Maces & Flails
  6118 | D:6      | Found a staircase to the Ecumenical Temple.
  6135 | Temple   | Entered the Ecumenical Temple
  6383 | Temple   | Became a worshipper of Gozag Ym Sagoz the Greedy
  6484 | D:6      | Reached skill level 5 in Fighting
  6671 | D:7      | Gained mutation: You have hoof-like feet. [demonic
                  | ancestry]
  6671 | D:7      | Reached XP level 9. HP: 69/69 MP: 9/9
  6909 | D:7      | Reached skill level 6 in Armour
  7049 | D:7      | Reached skill level 7 in Armour
  7568 | D:7      | Found an ancient bone altar of Kikubaaqudgha.
  7778 | D:7      | Reached skill level 8 in Armour
  9135 | D:8      | Reached skill level 9 in Armour
  9324 | D:8      | Identified the +3 ring mail "Nomyebb" {rF+ Slay+2}
  9424 | D:8      | Reached XP level 10. HP: 76/76 MP: 10/10
  9664 | D:8      | Found a hazy altar of Hepliaklqana.
  9925 | D:9      | Found an iron altar of Okawaru.
  9975 | D:9      | Noticed a gargoyle
  9983 | D:9      | Killed a gargoyle
 10343 | D:9      | Found a shimmering blue altar of Sif Muna.
 10471 | D:9      | Identified the +7 long sword of Puatt {flame, rPois Dex+2}
 10536 | D:9      | Noticed Maggie
 10549 | D:9      | Killed Maggie
 10918 | D:10     | Entered Level 10 of the Dungeon
 10918 | D:10     | Found a shadowy altar of Dithmenos.
 11209 | D:10     | Found a staircase to the Lair.
 11279 | D:10     | Identified a scroll of acquirement
 11279 | D:10     | Acquired 494 gold pieces
 11444 | D:10     | Gained mutation: You sometimes emit foul miasma when
                  | damaged in melee. [demonic ancestry]
 11444 | D:10     | Reached XP level 11. HP: 56/89 MP: 8/11
 11868 | D:10     | Found a staircase to the Orcish Mines.
 12006 | D:10     | Found a stormy altar of Qazlal.
 12095 | D:10     | Reached skill level 1 in Evocations
 12356 | D:10     | Found a sacrificial altar of Ru.
 12478 | D:10     | Bought a brightly glowing triple sword for 465 gold pieces
 12478 | D:10     | Identified the +4 triple sword "Beetlebane" {freeze, rPois
                  | Int+4} (You bought it in a shop on level 10 of the Dungeon)
 12555 | D:11     | Noticed a two-headed ogre
 12581 | D:11     | Killed a two-headed ogre
 12700 | D:11     | Found Puihi's Elemental Accessories.
 12772 | D:11     | Noticed Nergalle
 12772 | D:11     | Noticed Maurice
 12777 | D:11     | Killed Maurice
 12790 | D:11     | Killed Nergalle
 12791 | D:11     | Reached skill level 5 in Evocations
 12804 | D:11     | Noticed Harold
 12804 | D:11     | Noticed a two-headed ogre
 12811 | D:11     | Killed Harold
 12817 | D:11     | Killed a two-headed ogre
 12977 | D:11     | Found Xaehilem's Antique Weapon Shop.
 13091 | D:11     | Noticed a two-headed ogre
 13096 | D:11     | Killed a two-headed ogre
 13158 | D:11     | Noticed Sonja
 13168 | D:11     | Killed Sonja
 13370 | Lair:1   | Entered Level 1 of the Lair of Beasts
 13403 | Lair:1   | Gained mutation: You possess an exceptional clarity of
                  | mind. [potion of mutation]
 13403 | Lair:1   | Gained mutation: You have a pair of small horns on your
                  | head. [potion of mutation]
 13817 | Lair:1   | Reached XP level 12. HP: 95/95 MP: 12/12
 13917 | Lair:1   | Reached skill level 10 in Evocations
 14447 | Lair:1   | Noticed Gastronok
 14485 | Lair:1   | Reached skill level 10 in Armour
 14514 | Lair:1   | Killed Gastronok
 15020 | Lair:2   | Reached skill level 11 in Armour
 15303 | Lair:2   | Noticed an eight-headed hydra
 15304 | Lair:2   | Noticed an eight-headed hydra
 15305 | Lair:2   | Found a staircase to the Swamp.
 15315 | Lair:2   | Killed an eight-headed hydra
 15326 | Lair:2   | HP: 2/95 [eight-headed hydra (9)]
 15986 | Lair:2   | Killed an eight-headed hydra
 15987 | Lair:2   | Reached skill level 12 in Armour
 16223 | Lair:3   | Noticed a six-headed hydra
 16258 | Lair:3   | Killed a six-headed hydra
 16660 | Lair:3   | Reached XP level 13. HP: 95/101 MP: 13/13
 16667 | Lair:3   | Reached skill level 13 in Armour
 17108 | Lair:3   | Found a staircase to the Snake Pit.
 17525 | Lair:3   | Reached skill level 14 in Armour
 18247 | Lair:4   | Reached XP level 14. HP: 108/108 MP: 14/14
 18476 | Lair:4   | Found a staircase to the Slime Pits.
 19163 | Lair:5   | Entered Level 5 of the Lair of Beasts
 19341 | Lair:4   | HP: 4/108 [death yak (5)]
 20214 | Lair:5   | Killed from afar by a molten gargoyle

Illustrated notes

Levels and vault maps discovered:
D:1:      minmay_arrival_diagonal_passages, layout_basic
D:2:      layout_loops_cross, serial_undead, serial_undead_e, serial_undead_f,
          serial_undead_f, serial_undead_e, uniq_sigmund
D:3:      layout_basic, portal_sewer_entry_b, st_stairs_9
D:4:      layout_basic, minivault_19, corner_web_ring
D:5:      layout_cave_pods, mainiacjoe_overflow_paths, minmay_strange_pillars,
          uniq_grinder, uniq_crazy_yiuf_cottage
D:6:      layout_loops_ring, minmay_temple_entry_enclosed_plants,
          grunt_ministairs_7
D:7:      layout_basic, lemuel_zombie_altar_kikubaaqudgha
D:8:      layout_basic, nicolae_hepliaklqana_hippocampus
D:9:      layout_cave_pools, mainiacjoe_overflow_brackets,
          lemuel_coloured_pillars_altar, wad_rectangle_vault, uniq_maggie
D:10:     layout_roguey, overflow_temple_1_default, nicolae_ru_path_of_blood,
          mainiacjoe_overflow_alcove_2, dpeg_oklobed_lair, david_orc_4
D:11:     layout_roguey, serial_shops, nicolae_take_the_stairs,
          nicolae_elemental_shop, amcnicky_mini_rare_corridor_liquid,
          uniq_harold, uniq_maurice, uniq_nergalle, uniq_sonja
Temple:   eino_temple_water
Lair:1:   layout_gridlike, nicolae_quartered_pool_super,
          cheibrodos_lair_lostbears, lemuel_fruit_tree, grunt_megastairs_1,
          uniq_gastronok
Lair:2:   layout_big_grid, palyth_hydra_swamp_entry,
          chequers_serial_rivers_micro_c, beast_lair_carwin_9,
          grunt_megastairs_2, serial_bayou_shore_a
Lair:3:   layout_regular_city, guppyfry_snake_entry_garden
Lair:4:   layout_hall_layers, slime_entry_1
Lair:5:   cheibrodos_lair_end_hotspot, layout_regular_city,
          infiniplex_staircase_pool

Skill      XL: |  1  2  3  4  5  6  7  8  9 10 11 12 13 14 |
---------------+-------------------------------------------+-----
Stealth        | 1 2 |  2.0
Fighting       | 4 5 6 9 |  9.0
Armour         | 3 5 9 12 14 | 14.0
Throwing       | 2 5 |  5.0
Maces & Flails | 2 6 8 9 11 13 | 13.3
Evocations     | 9 10 | 10.0
Short Blades   | |  2.6
Dodging        | |  2.6

Action                     |  1- 3 |  4- 6 |  7- 9 | 10-12 | 13-15 || total
---------------------------+-------+-------+-------+-------+-------++-------
  Melee: Rapier            |   129 |   184 |       |       |       ||   313
         Punch             |     1 |     1 |     7 |     8 |     6 ||    23
         Kick              |    22 |    52 |   101 |   228 |    55 ||   458
         Flail             |       |     7 |   321 |   579 |   408 ||  1315
         Headbutt          |       |       |       |    83 |   142 ||   225
  Throw: Throwing net      |     9 |     4 |     1 |     1 |     4 ||    19
         Javelin           |     1 |     1 |     1 |       |       ||     3
         Boomerang         |       |       |     2 |       |       ||     2
         Dart              |       |       |       |     4 |       ||     4
 Invoke: Call Merchant     |       |       |       |     1 |       ||     1
  Evoke: Wand              |       |       |     3 |     3 |       ||     6
         Box of beasts     |       |       |       |     1 |       ||     1
    Use: Scroll            |     3 |     4 |    12 |     7 |     8 ||    34
         Potion            |     1 |     2 |     1 |     3 |     1 ||     8
   Stab: Sleeping          |     3 |     5 |     9 |     7 |     4 ||    28
         Held in net/web   |     2 |     2 |       |       |       ||     4
         Paralysed         |       |       |     4 |     3 |       ||     7
         Distracted        |       |       |     1 |       |     2 ||     3
         Petrified         |       |       |       |       |    11 ||    11
 Armour: Leather armour    |    34 |    63 |   151 |       |       ||   248
         Ring mail         |       |       |     5 |   313 |   211 ||   529
  Dodge: Dodged            |    72 |   157 |   285 |   639 |   365 ||  1518

Table legend: (Time is in decaauts)
 A = Elapsed time spent in this place.
 B = Non-inter-level travel time spent in this place.
 C = Inter-level travel time spent in this place.
 D = Time resting spent in this place.
 E = Time spent auto-exploring this place.
 F = Levels seen in this place.
 G = Mean time per level.
                   A        B        C        D        E       F      G
               +--------+--------+--------+--------+--------+-----+--------+
         Total |  20306 |  19457 |    849 |   3658 |  12487 |  18 | 1128.1 |
       Dungeon |  12942 |  12280 |    662 |   1827 |   8422 |  11 | 1176.5 |
        Temple |    258 |    231 |     27 |      0 |    218 |   1 |  258.0 |
          Lair |   6765 |   6606 |    159 |   1647 |   3841 |   5 | 1353.0 |
         Sewer |    339 |    339 |      0 |    184 |      5 |   1 |  339.0 |
               +--------+--------+--------+--------+--------+-----+--------+

Top non-repeatable levels by time:
     D:7: 2092 daAuts
  Lair:1: 1917 daAuts
  Lair:3: 1682 daAuts
  Lair:4: 1495 daAuts
    D:10: 1472 daAuts
     D:9: 1431 daAuts
     D:4: 1233 daAuts
  Lair:2: 1149 daAuts
     D:6: 1124 daAuts
     D:3: 1083 daAuts
     D:8: 968 daAuts
     D:5: 960 daAuts
     D:2: 905 daAuts
     D:1: 904 daAuts
    D:11: 767 daAuts
